Map: Acid Plant LE

Players

DeMusliM - Winner!

  • Race: Terran Terran
  • Spawn Location: 11:00

SouLeer

  • Race: Zerg Zerg
  • Spawn Location: 5:00

Event: WCS Valencia 2018

VOD

Have the link to the VOD?

Description

Time

  • Played on: July 12, 2018, 8:32 a.m.
  • Length: 14:44

All games in this series

Show
View Real Time Build Order
Export as new Build Order

DeMusliM Terran - Winner!

Build Orders: Hellion Opening, Reaper Expand, Mech 

Get SALT Encoding   

  12  0:00  SCV  
  13  0:13  SCV  
  14  0:17  Supply Depot  
  14  0:25  SCV  
  15  0:38  SCV  
  15  0:40  Barracks  
  16  0:44  Refinery  
  16  0:50  SCV  
  17  1:02  SCV  
  18  1:15  SCV  
  19  1:27  Orbital Command  
  19  1:28  Reaper  
  20  1:39  Command Center  
  20  1:45  Supply Depot  
  20  1:53  SCV  
  21  2:00  Marine  
  22  2:05  SCV  
  23  2:09  Factory  
  23  2:12  Refinery  
  23  2:18  SCV  
  23  2:21  Barracks Reactor  
  24  2:30  SCV  
  25  2:42  SCV  
  26  2:52  Orbital Command  
  26  2:54  SCV  
  26  2:56  Starport  
  27  3:03  Hellion x2  
  31  3:06  SCV  
  31  3:10  Supply Depot  
  32  3:15  Barracks Tech Lab  
  32  3:18  SCV  
  33  3:21  SCV  
  33  3:25  Hellion x2  
  38  3:30  SCV  
  38  3:32  Supply Depot  
  39  3:41  SCV  
  40  3:42  Viking  
  40  3:43  SCV  
  40  3:46  Hellion x2  
  47  3:53  SCV  
  47  3:55  Supply Depot, SCV  
  49  4:04  Armory  
  49  4:07  Cyclone x2  
  56  4:10  SCV x2  
  57  4:17  Liberator  
  57  4:26  SCV x2  
  59  4:32  Command Center  
  59  4:34  Supply Depot  
  59  4:38  SCV  
  63  4:39  SCV  
  63  4:44  Hellion  
  66  4:51  Hellion  
  68  4:56  SCV x2  
  70  5:04  Refinery  
  70  5:05  Refinery, Supply Depot  
  70  5:08  SCV  
  70  5:09  SCV  
  72  5:21  Banshee  
  64  5:30  SCV x2, Hellion x2  
  64  5:34  Factory x2  
  64  5:35  Supply Depot  
  60  5:42  SCV x2  
  62  5:45  Orbital Command  
  62  5:46  Supply Depot  
  62  5:51  Hellion x2  
  62  5:54  SCV  
  67  6:06  Terran Vehicle Weapons Level 1  
  67  6:07  Armory  
  67  6:08  Orbital Command  
  67  6:10  Supply Depot, SCV x2  
  73  6:17  Hellion x2  
  76  6:19  Factory Tech Lab  
  76  6:22  SCV  
  76  6:23  Factory Tech Lab  
  71  6:26  Engineering Bay, SCV  
  71  6:27  Starport Reactor  
  72  6:34  SCV  
  72  6:38  SCV x2  
  75  6:42  Refinery  
  75  6:43  Thor  
  75  6:44  Thor  
  75  6:46  SCV  
  88  6:48  Refinery  
  88  6:50  SCV x2, Hellion x2  
  94  6:56  Terran Vehicle And Ship Armor Level 1  
  94  6:58  SCV  
  95  7:02  SCV x2  
  93  7:10  Medivac x2  
  93  7:11  SCV  
  93  7:14  SCV x2  
  92  7:16  Supply Depot  
  92  7:17  Missile Turret x2  
  92  7:18  Missile Turret  
  92  7:22  Missile Turret  
  92  7:23  SCV  
  92  7:25  Hellion  
  92  7:26  SCV x2  
  92  7:27  Command Center  
  92  7:28  Infernal Pre-Igniter  
  97  7:32  Siege Tank  
  100  7:38  SCV x2  
  100  7:43  Siege Tank  
  105  7:48  SCV  
  105  7:50  SCV x2, Hellion x2  
  112  7:56  Factory  
  112  7:57  Factory  
  112  8:02  Terran Vehicle Weapons Level 2  
  112  8:06  SCV x2  
  112  8:12  SCV  
  115  8:17  Siege Tank x2  
  115  8:18  SCV x2, Hellion x2  
  127  8:23  Supply Depot x2  
  127  8:24  Supply Depot  
  126  8:39  SCV x2, Hellion x2  
  132  8:42  Siege Tank  
  132  8:44  Factory Reactor  
  135  8:49  Siege Tank x2  
  141  9:00  Smart Servos, Hellion  
  141  9:01  Hellion  
  145  9:05  Supply Depot x2, SCV x3  
  145  9:06  Supply Depot  
  145  9:08  Viking x2  
  152  9:10  Terran Vehicle And Ship Armor Level 2  
  152  9:15  Siege Tank  
  155  9:17  SCV x2  
  155  9:20  SCV  
  155  9:22  Planetary Fortress  
  155  9:23  Hellion x3  
  155  9:24  Hellion  
  166  9:26  Refinery  
  166  9:29  Refinery  
  166  9:31  Missile Turret  
  166  9:37  Siege Tank  
  166  9:38  Sensor Tower  
  169  9:47  Command Center  
  169  9:50  Siege Tank  
  169  9:51  Supply Depot, Hellion x3  
  178  10:02  Command Center  
  178  10:05  Siege Tank  
  178  10:06  Missile Turret  
  181  10:13  Factory  
  173  10:16  Factory  
  173  10:18  Siege Tank  
  173  10:19  Hellion  
  175  10:22  Siege Tank  
  174  10:30  Hellion  
  176  10:37  Siege Tank  
  176  10:38  Viking x2  
  176  10:40  Hellion x2  
  170  10:50  Siege Tank  
  170  10:51  Hellion x2  
  170  10:55  Siege Tank  
  156  11:00  Factory  
  156  11:02  Factory Reactor, Factory Tech Lab  
  123  11:09  Siege Tank  
  126  11:16  Orbital Command  
  126  11:18  Hellion  
  128  11:19  Hellion x3  
  128  11:22  Refinery, Siege Tank  
  128  11:23  Refinery  
  128  11:25  Sensor Tower  
  137  11:27  Siege Tank, Missile Turret  
  137  11:29  Terran Vehicle Weapons Level 3  
  137  11:30  Hellion  
  142  11:39  Hellion  
  142  11:40  Hellion x5  
  142  11:41  Siege Tank  
  142  11:45  Factory Tech Lab  
  147  11:51  Planetary Fortress  
  147  11:52  Hellion  
  149  11:55  Hellion  
  149  11:56  Missile Turret  
  149  11:59  Siege Tank  
  149  12:01  Hellion  
  156  12:02  Hellion x3  
  156  12:05  Siege Tank, Hellion x2  
  167  12:13  Siege Tank x2  
  173  12:16  Siege Tank  
  173  12:22  Hellion  
  178  12:23  Hellion  
  180  12:31  Siege Tank  
  180  12:33  Command Center  
  180  12:35  Hellion x4  
  192  12:37  Siege Tank  
  192  12:44  Viking, Hellion  
  192  12:45  Siege Tank x2  
  192  12:48  Siege Tank  
  197  12:52  Hellion  
  193  13:03  Siege Tank  
  193  13:04  Viking  
  196  13:09  Siege Tank  
  189  13:14  Viking  
  189  13:16  Starport  
  189  13:17  Starport, Thor, Siege Tank  
  184  13:45  Thor x3  
  182  13:48  Viking  
  182  13:49  Thor, Viking  
  183  14:02  Viking x2  
  187  14:16  Hellion  
  187  14:17  Hellion x4  
Show
View Real Time Build Order
Export as new Build Order

SouLeer Zerg 

Build Orders: Hatch First, Roach Hydra 

Get SALT Encoding   

  12  0:00  Drone  
  13  0:12  Overlord  
  13  0:16  Drone  
  14  0:31  Drone x2  
  14  0:34  Drone  
  17  0:51  Hatchery  
  17  0:55  Drone  
  17  0:57  Drone  
  18  1:08  Extractor  
  17  1:12  Spawning Pool  
  17  1:15  Drone  
  17  1:18  Drone  
  18  1:28  Drone  
  19  1:38  Overlord  
  19  1:52  Drone  
  20  1:59  Queen  
  20  2:01  Zergling x2  
  23  2:03  Queen  
  23  2:04  Zergling x2  
  26  2:11  Metabolic Boost, Drone  
  27  2:30  Hatchery  
  27  2:33  Drone x2  
  27  2:35  Extractor  
  27  2:36  Drone  
  27  2:41  Overlord  
  26  2:47  Drone x2  
  29  2:53  Queen  
  29  2:57  Drone  
  32  2:58  Drone  
  32  3:01  Drone  
  35  3:05  Drone  
  35  3:12  Drone x3  
  38  3:15  Drone  
  38  3:16  Drone x2  
  42  3:20  Drone  
  42  3:26  Overlord  
  42  3:31  Overlord  
  42  3:34  Drone  
  43  3:42  Queen  
  43  3:43  Zergling x4  
  43  3:46  Overlord  
  49  3:50  Zergling x2  
  49  3:51  Queen  
  49  3:52  Zergling x2  
  52  3:55  Zergling x4  
  52  3:57  Drone x2  
  52  4:02  Baneling Nest  
  54  4:03  Spore Crawler, Drone x2  
  54  4:07  Spore Crawler  
  54  4:14  Drone x3  
  54  4:15  Zergling x2  
  58  4:21  Drone x3  
  58  4:24  Overlord  
  61  4:28  Drone x2  
  63  4:31  Queen  
  63  4:36  Drone  
  63  4:37  Overlord, Spore Crawler  
  65  4:40  Overlord  
  65  4:43  Drone x2  
  65  4:44  Overlord  
  67  4:51  Spine Crawler, Zergling x4  
  67  4:54  Queen  
  67  4:56  Extractor  
  67  4:57  Extractor, Zergling x4  
  67  4:59  Zergling x2  
  70  5:02  Baneling x5  
  70  5:07  Zergling x4  
  72  5:10  Zergling x4  
  72  5:11  Zergling x4  
  75  5:15  Baneling x3  
  75  5:16  Zergling x4  
  74  5:26  Zergling x6  
  74  5:27  Drone x3  
  71  5:29  Drone x3  
  70  5:36  Drone x2  
  70  5:39  Drone x3  
  75  5:43  Drone  
  75  5:45  Lair  
  75  5:47  Drone x3  
  79  5:53  Drone x3  
  79  5:56  Drone x2  
  83  6:00  Drone  
  84  6:04  Drone  
  84  6:06  Extractor  
  84  6:07  Extractor  
  79  6:12  Drone x2  
  80  6:21  Drone x4  
  83  6:31  Overlord  
  83  6:32  Roach Warren  
  82  6:34  Evolution Chamber  
  82  6:35  Evolution Chamber  
  82  6:36  Zergling x12  
  82  6:38  Extractor  
  85  6:46  Drone  
  86  6:49  Centrifical Hooks  
  86  6:53  Hydralisk Den  
  85  6:57  Hatchery  
  80  7:02  Drone x3  
  80  7:06  Drone x3  
  80  7:09  Drone x4  
  80  7:15  Overlord  
  83  7:16  Zerg Missile Weapons Level 1  
  83  7:21  Drone x2  
  85  7:25  Hydralisk  
  85  7:26  Hydralisk x3  
  93  7:32  Infestation Pit  
  93  7:36  Zerg Ground Armor Level 1  
  92  7:38  Hydralisk x2  
  96  7:45  Overlord, Grooved Spines  
  96  7:47  Glial Reconstitution  
  96  7:50  Drone x2  
  98  7:53  Roach  
  98  7:54  Roach  
  102  7:59  Roach x2  
  102  8:00  Overlord  
  102  8:04  Overlord  
  106  8:07  Hydralisk x2  
  106  8:13  Zergling x12  
  106  8:16  Overlord  
  106  8:18  Hydralisk  
  106  8:19  Hydralisk  
  114  8:24  Roach x2  
  118  8:27  Drone  
  118  8:28  Drone x3  
  118  8:33  Drone x2  
  124  8:36  Drone x2, Queen  
  124  8:41  Overlord  
  124  8:42  Drone x2  
  124  8:43  Hydralisk  
  124  8:44  Hydralisk  
  124  8:46  Hydralisk  
  127  8:49  Zergling x6  
  127  8:50  Zergling x2  
  127  8:53  Hydralisk x2  
  123  8:56  Muscular Augments  
  123  9:00  Drone x4  
  125  9:03  Hive  
  125  9:06  Extractor  
  124  9:11  Hydralisk x3  
  124  9:12  Hydralisk  
  124  9:17  Hydralisk x3  
  131  9:23  Hydralisk x4  
  143  9:26  Roach  
  147  9:33  Spire, Roach x2  
  150  9:39  Overlord x4  
  150  9:43  Zerg Missile Weapons Level 2  
  150  9:55  Zerg Ground Armor Level 2  
  150  9:58  Roach x7  
  150  9:59  Overseer  
  164  10:01  Ravager  
  164  10:03  Roach x3  
  164  10:06  Overlord  
  170  10:12  Roach x3  
  174  10:16  Roach x6  
  174  10:18  Roach  
  174  10:21  Roach x2  
  174  10:28  Roach x5  
  186  10:30  Ravager  
  186  10:31  Overlord  
  186  10:33  Roach x2  
  191  10:39  Overlord  
  177  10:53  Zergling x12  
  154  10:58  Hydralisk x6  
  143  11:05  Viper  
  143  11:09  Roach x2  
  150  11:13  Queen  
  150  11:15  Extractor  
  151  11:20  Queen  
  151  11:23  Overlord, Hatchery  
  151  11:25  Viper  
  152  11:32  Hydralisk x8  
  157  11:36  Overlord  
  157  11:39  Overlord  
  169  11:41  Roach x3  
  174  11:54  Greater Spire  
  174  11:58  Hydralisk  
  174  11:59  Hydralisk x3  
  182  12:01  Overlord  
  182  12:02  Hydralisk  
  182  12:03  Hydralisk x2  
  187  12:09  Hydralisk x3  
  187  12:12  Hydralisk x2  
  194  12:16  Hydralisk  
  194  12:18  Hydralisk  
  197  12:33  Corruptor  
  197  12:44  Evolution Chamber  
  197  12:46  Evolution Chamber  
  197  12:48  Extractor  
  191  12:52  Drone x4  
  191  12:53  Drone x4  
  191  12:54  Drone  
  191  12:57  Drone x2  
  189  13:02  Drone  
  189  13:03  Corruptor x2, Drone  
  189  13:04  Corruptor x3  
  196  13:15  Brood Lord  
  196  13:20  Hydralisk x2  
  192  13:44  Brood Lord x2  
  192  13:45  Brood Lord  
  177  13:52  Roach x7  
  177  13:53  Roach x2  
  175  13:58  Overlord  
  175  14:00  Overlord  
  171  14:13  Hydralisk x3  
  171  14:14  Hydralisk  
  153  14:20  Hydralisk x4  
  147  14:27  Drone x4  
  147  14:30  Drone x3  
Tags
 
Add a new tag
Caveats
  • Supply blocks, unpowered buildings, or Contaminate may cause inaccurate times.
  • Supply counts are checked every 10 seconds.